 Dungeon Crawl Stone Soup version 0.22-a0-40-g3d2f077 (webtiles) character file.

1761 4thArraOfDagon the Fighter (level 8, -2/84 HPs)
             Began as a Deep Dwarf Necromancer on Jan 4, 2018.
             Was a Believer of Makhleb.
             Slain by an ogre
             ... wielding a +0 giant club
              (22 damage)
             ... on level 10 of the Dungeon.
             The game lasted 00:17:53 (2708 turns).

4thArraOfDagon the Fighter (Deep Dwarf Necromancer) Turns: 2708, Time: 00:17:53

Health: -2/84      AC:  8    Str: 10 (12) XL:     8   Next: 79%
Magic:  1/6        EV:  2    Int: 15 (18) God:    Makhleb [**....]
Gold:   200        SH:  0    Dex: -25 (13)Spells: 7/11 levels left

rFire    . . .     SeeInvis .   s - +1 flail
rCold    . . .     Gourm    .   (no shield)
rNeg     . . .     Faith    .   u - +1 ring mail
rPois    .         Spirit   .   k - +0 helmet
rElec    .         Reflect  .   (no cloak)
rCorr    .         Harm     .   r - +0 pair of gloves
MR       +....                  (no boots)
Stlth    ..........             d - amulet of magic regeneration
HPRegen  0.00/turn              g - ring of loudness (curse)
MPRegen  0.35/turn              (no ring)

@: very slightly contaminated, non-regenerating, slowed, lost dexterity, very
slow
A: damage resistance, heal wounds, sense surroundings 1, no regeneration
a: Heal Wounds, Minor Destruction, Renounce Religion


You were on level 10 of the Dungeon.
You worshipped Makhleb.
Makhleb was pleased with you.
You were not hungry.

You visited 2 branches of the dungeon, and saw 11 of its levels.

You collected 200 gold pieces.

Inventory:

Hand Weapons
 e - a +0 mace
 i - a +1 trident of distortion
 j - a +0 rapier of holy wrath
 n - a +0 blowgun
 s - a +1 flail (weapon)
Missiles
 o - 7 poisoned needles
Armour
 a - a +0 robe
 k - a +0 helmet (worn)
 r - a +0 pair of gloves (worn)
 u - a +1 ring mail (worn)
 z - a +2 robe of magic resistance
Jewellery
 d - an amulet of magic regeneration (around neck)
 g - a cursed ring of loudness (left hand)
Wands
 x - a wand of random effects (12)
Scrolls
 f - a scroll of teleportation
 v - 2 scrolls of blinking {unknown}
 w - a scroll of enchant armour
 y - 2 scrolls of remove curse
Potions
 h - 2 potions of flight
 m - a potion of curing
 p - a potion of lignification
 q - a potion of brilliance
Books
 b - a book of Necromancy

   Spells                             Type                      Level
   a - Pain                           Necromancy                   1
   b - Animate Skeleton               Necromancy                   1
   c - Vampiric Draining              Necromancy                   3
   d - Regeneration                   Charms/Necromancy            3
   e - Animate Dead                   Necromancy                   4
   f - Borgnjor's Vile Clutch         Necromancy/Earth             5
Comestibles
 c - 11 rations


   Skills:
 + Level 8.9 Fighting
 - Level 2.2 Dodging
 - Level 2.4 Stealth
 - Level 2.0 Spellcasting
 - Level 7.7 Necromancy


You had 7 spell levels left.
You knew the following spells:

 Your Spells              Type           Power        Failure   Level  Hunger
a - Pain                  Necr           ###.         2%          1    #......
b - Vampiric Draining     Necr           ###.......   8%          3    ###....


Dungeon Overview and Level Annotations

Branches:
Dungeon (10/15)            Temple (1/1) D:4            Lair (0/6) D:9
    Orc (0/2) D:10

Altars:
Ashenzari
Fedhas
Kikubaaqudgha
Makhleb
Sif Muna
Trog
Uskayaw

Shops:
D:5 (

Annotations:
D:6 tidbits's ghost, amateur GnNe


Innate Abilities, Weirdness & Mutations

You are resistant to damage.
You can heal yourself by infusing magical energy.
You passively map a small area around you.
You do not regenerate.


Message History

Evoke which item? (* to show all) (? for menu, Esc to quit)
Aiming: Random Effects
Press: ? - help, Shift-Dir - straight line, f/p - ogre
Aim: an ogre, wielding a giant club (heavily wounded)
The ogre flickers and vanishes!
Deactivating autopickup; reactivate with Ctrl-A.
Something hits you but does no damage.
Unknown command.
Evoke which item? (* to show all) (? for menu, Esc to quit)
Aiming: Random Effects
Press: ? - help, Shift-Dir - straight line Nothing appears to happen.
Something hits you!! Something hits you!
* * * LOW HITPOINT WARNING * * *
Unknown command.
Casting: Vampiric Draining
Confirm with . or Enter, or press ? or * to list all spells.
Aiming: Vampiric Draining
Press: ? - help, Shift-Dir - straight line You feel life coursing into your body.
Something hits you!!
You die...

###### ,* , ,,
'.. #....# * ,
#..
,##*#....##+# *
## * , *
#..#....#..# ,
,, , , , ,
#..+....#..# , ,
## #..#....#..#
* * , #.
#..........#
#..+.......>..#
* ,
,#..####@...#..#
,
,#...<.{....#..#
, , *
#..........#..#
,
,#.......(..####
, ,##+####....#
, , , #....#,, ,
, , #....+ , , *
*###..# * * * *
, ..# ,


There were no monsters in sight!

Vanquished Creatures
  A porcupine (D:9)
  A black bear (D:9)
  A sky beast (D:5)
  An ogre (D:5)
  A phantom (D:9)
  2 centaurs (D:5)
  A big kobold (D:7)
  Blork the orc (D:6)
  2 bullfrogs (D:9)
  2 scorpions
  A killer bee (D:10)
  A howler monkey (D:9)
  A quasit (D:10)
  A bullfrog zombie (D:5)
  A centaur zombie (D:9)
  A hound (D:6)
  2 jellies
  2 orc priests (D:5)
  A gnoll shaman (D:5)
  7 orc wizards
  2 iguanas
  A killer bee zombie (D:6)
  Robin (D:4)
  2 adders
  3 gnolls (D:5)
  A leopard gecko (D:5)
  11 orcs
  A giant cockroach (D:2)
  16 goblins
  13 hobgoblins
  9 kobolds
  4 quokkas
  4 bats
  A frilled lizard (D:5)
  A jackal zombie (D:5)
  2 rats
103 creatures vanquished.

Vanquished Creatures (others)
  A scorpion (D:5)
  A jelly (D:9)
  A bush (D:5)
  12 fungi (D:9)
  A plant (D:9)
  A toadstool (D:1)
17 creatures vanquished.

Grand Total: 120 creatures vanquished

Notes
Turn   | Place    | Note
-------+----------+-------------------------------------------
     0 | D:1      | 4thArraOfDagon the Deep Dwarf Necromancer began the quest for the Orb.
     0 | D:1      | Reached XP level 1. HP: 15/15 MP: 3/3
   182 | D:2      | Found a blossoming altar of Fedhas.
   195 | D:2      | Reached XP level 2. HP: 19/22 MP: 0/4
   256 | D:2      | Found a hide-covered altar of Uskayaw.
   338 | D:2      | Reached skill level 5 in Necromancy
   355 | D:3      | Noticed a phantom
   379 | D:4      | Found a staircase to the Ecumenical Temple.
   387 | Temple   | Entered the Ecumenical Temple
   393 | Temple   | Became a worshipper of Makhleb the Destroyer
   460 | D:4      | Found a shattered altar of Ashenzari.
   465 | D:4      | Noticed a two-headed ogre
   487 | D:5      | Entered Level 5 of the Dungeon
   530 | D:5      | Reached XP level 3. HP: 11/28 MP: 3/6
   537 | D:5      | Learned a level 3 spell: Vampiric Draining
   713 | D:5      | Noticed an ogre
   980 | D:5      | Reached XP level 4. HP: 18/36 MP: 2/6
  1015 | D:5      | Reached XP level 5. HP: 28/42 MP: 3/6
  1018 | D:5      | Reached * piety under Makhleb
  1089 | D:4      | Noticed Robin
  1132 | D:4      | Killed Robin
  1132 | D:4      | Reached skill level 1 in Fighting
  1203 | D:5      | Noticed a sky beast
  1216 | D:5      | Killed a sky beast
  1216 | D:5      | Reached skill level 2 in Fighting
  1216 | D:5      | Reached XP level 6. HP: 32/54 MP: 2/6
  1237 | D:5      | Reached skill level 3 in Fighting
  1287 | D:5      | Reached skill level 4 in Fighting
  1287 | D:5      | Reached XP level 7. HP: 41/64 MP: 1/7
  1463 | D:5      | Reached ** piety under Makhleb
  1487 | D:6      | Found an ancient bone altar of Kikubaaqudgha.
  1549 | D:7      | Reached skill level 5 in Fighting
  1630 | D:5      | Found Soshrur's Weapon Emporium.
  1733 | D:6      | Noticed tidbits's ghost (amateur GnNe)
  1863 | D:7      | Reached skill level 6 in Fighting
  1916 | D:7      | Noticed a hippogriff
  1924 | D:7      | Noticed a hungry ghost
  1978 | D:6      | Noticed Blork the orc
  1985 | D:6      | Killed Blork the orc
  1985 | D:6      | Reached XP level 8. HP: 9/78 MP: 1/8
  2092 | D:7      | Noticed a two-headed ogre
  2198 | D:9      | Reached skill level 7 in Fighting
  2201 | D:9      | Noticed a hippogriff
  2344 | D:9      | Reached skill level 8 in Fighting
  2390 | D:9      | Found a staircase to the Lair.
  2432 | D:10     | Entered Level 10 of the Dungeon
  2485 | D:10     | Lost dexterity.
  2649 | D:10     | Found a staircase to the Orcish Mines.
  2708 | D:10     | Slain by an ogre

Vault maps used:
D:1:      ldierk_water_garden
D:2:      fedhas_altar_1, eat_drink_and_be_merry_uskayaw
D:3:      tso_oasis_becter, serial_glass, glass_columns_a, glass_columns_a,
          glass_columns_a, glass_columns_b, glass_columns_a, glass_columns_a,
          glass_columns_a, glass_columns_a, uniq_natasha
D:4:      kennysheep_little_box, ashenzari_altar_1,
          minmay_temple_entry_glassed_door, uniq_robin
D:5:      corexii_shantytown, first_ration, serial_shops, shop_fountains,
          kb_lookout_dungeons_type
D:6:      lemuel_upstairs_altar, vehumet_crystals, uniq_duvessa, uniq_edmund,
          uniq_blork_the_orc
D:7:      cheibriados_altar_1, uniq_menkaure
D:8:      nicolae_overflow_crystal_walls, gammafunk_temple_overflow_elements,
          david_nohive_1
D:9:      gammafunk_temple_overflow_pools, due_lair_maze_entry_diamond
D:10:     orc_0_dummy, uniq_erolcha, uniq_fannar, uniq_erica, uniq_josephine
Temple:   eino_wide_crystal_templ

Skill      XL: |  1  2  3  4  5  6  7  8 |
---------------+-------------------------+-----
Spellcasting   | 2 |  2.0
Necromancy     | 5 6 7 |  7.7
Fighting       | 2 4 6 8 |  8.9
Dodging        | |  2.2
Stealth        | |  2.4

Action                   |  1- 3 |  4- 6 |  7- 9 || total
-------------------------+-------+-------+-------++-------
Melee: Unarmed           |    13 |       |       ||    13
       Mace              |     7 |       |       ||     7
       Flail             |    35 |    32 |   101 ||   168
       Trident           |       |    64 |   126 ||   190
 Cast: Pain              |    33 |       |     1 ||    34
       Vampiric Draining |     9 |     6 |    27 ||    42
 Abil: Heal Wounds       |     2 |     4 |     5 ||    11
Evoke: Wand              |       |       |     4 ||     4
  Use: Scroll            |     5 |       |     1 ||     6
       Potion            |       |     3 |     4 ||     7
 Stab: Sleeping          |     2 |       |       ||     2
  Eat: Chunk             |     2 |     1 |     5 ||     8
       Ration            |       |     1 |     1 ||     2
Armor: Robe              |     9 |       |       ||     9
       Ring mail         |    15 |    49 |   407 ||   471
       Skin              |       |       |   155 ||   155
Dodge: Dodged            |    61 |    42 |   215 ||   318

Table legend:
 A = Spawn XP
 B = Non-spawn XP
 C = Spawn XP percentage of total XP
 D = Spawn monster count
 E = Non-spawn monster count
 F = Spawn count percentage of total count
 G = Total turns spent on level
                    A         B        C        D         E        F      G
               +---------+---------+-------+---------+---------+-------+---------
         Total |       0 |    2517 |   0.0 |       0 |     105 |   0.0 |  2708
               +---------+---------+-------+---------+---------+-------+---------
           D:1 |       0 |       8 |   0.0 |       0 |       5 |   0.0 |   178
           D:2 |       0 |      15 |   0.0 |       0 |       9 |   0.0 |   173
           D:4 |       0 |      50 |   0.0 |       0 |      13 |   0.0 |   215
           D:5 |       0 |     990 |   0.0 |       0 |      45 |   0.0 |  1018
           D:6 |       0 |     204 |   0.0 |       0 |       6 |   0.0 |   293
           D:7 |       0 |     174 |   0.0 |       0 |       8 |   0.0 |   194
           D:8 |       0 |      13 |   0.0 |       0 |       1 |   0.0 |    45
           D:9 |       0 |     959 |   0.0 |       0 |      16 |   0.0 |   320
          D:10 |       0 |     104 |   0.0 |       0 |       2 |   0.0 |   251
               +---------+---------+-------+---------+---------+-------+---------
